 Dungeon Crawl Stone Soup version 0.24.0-123-gd5b16e6ec5 (webtiles) character file.

Game seed: 9799862543344272233, levelgen mode: deterministic

165 Goreval the Insei (level 5, -7/42 HPs)
             Began as a Draconian Transmuter on Jan 21, 2020.
             Killed by divine providence
             ... invoked by an orc priest
              (8 damage)
             ... on level 3 of the Dungeon.
             The game lasted 00:08:18 (3700 turns).

Goreval the Insei (Draconian Transmuter)            Turns: 3700, Time: 00:08:18

Health: -7/42      AC:  5    Str: 12    XL:     5   Next: 21%
Magic:  7/8        EV: 12    Int: 14    God:
Gold:   203        SH:  0    Dex: 12    Spells: 2/8 levels left

rFire    . . .     SeeInvis .     - Unarmed
rCold    . . .     Gourm    .   (no shield)
rNeg     . . .     Faith    .   (armour unavailable)
rPois    .         Spirit   .   (helmet restricted)
rElec    .         Reflect  .   (no cloak)
rCorr    .         Harm     .   (no gloves)
MR       .....                  (boots currently unavailable)
Stlth    +.........             (no amulet)
HPRegen  0.14/turn              (no ring)
MPRegen  0.11/turn              (no ring)

@: appendage
A: unfitting armour, talons 3, cold-blooded, AC +5
a: End Transformation


You were on level 3 of the Dungeon.
You were not hungry.
You had grown temporary talons.
You visited 1 branch of the dungeon, and saw 3 of its levels.

You collected 203 gold pieces.

Inventory:

Missiles
 a - 33 arrows
 j - 9 stones (quivered)
Jewellery
 g - an uncursed amulet of rage {unknown}
 q - an uncursed amulet of magic regeneration {unknown}
 u - an uncursed ring of flight {unknown}
Wands
 r - a wand of clouds (7)
Scrolls
 d - a scroll of fear {unknown}
 f - 6 scrolls of identify {unknown}
 i - 2 scrolls of remove curse {unknown}
 m - a scroll of amnesia {unknown}
 n - 2 scrolls of magic mapping {unknown}
 o - 2 scrolls of enchant armour {unknown}
 t - a scroll of noise {unknown}
Potions
 b - 4 potions of curing {unknown}
 e - a potion of heal wounds {unknown}
 h - 2 potions of mutation {unknown}
 k - a potion of invisibility {unknown}
 l - 2 potions of cancellation {unknown}
 p - a potion of flight {unknown}
 s - 2 potions of degeneration {unknown}
Comestibles
 c - 3 rations


   Skills:
 + Level 2.6 Fighting
 - Level 2.0 Dodging
 * Level 4.3 Unarmed Combat
 - Level 2.0 Spellcasting
 * Level 3.7 Transmutations


You had 2 spell levels left.
You knew the following spells:

 Your Spells              Type           Power        Failure   Level  Hunger
a - Beastly Appendage     Tmut           ##....       5%          1    ##.....
b - Spider Form           Tmut/Pois      #.........   32%         3    ####...
z - Sticks to Snakes      Tmut           ##......     8%          2    ###....

Your spell library contained the following spells:

 Spells                   Type           Power        Failure   Level  Hunger
 Ice Form                 Ice/Tmut       #.......     73%         4    #####..
 Blade Hands              Tmut           ##........   82%         5    ######.


Dungeon Overview and Level Annotations

Branches:
Dungeon (3/15)

Altars:


Innate Abilities, Weirdness & Mutations

Your plain brown scales are hard. (AC +5)
You cannot fit into any form of body armour.
You are cold-blooded and may be slowed by cold attacks.
You have claws for feet.


Message History

You barely miss the orc priest.
An orc comes into view. It is wielding a +0 trident.
The orc hits you with a +0 hand axe.
You hit the orc priest.
The orc priest invokes the aid of Beogh against you.
You barely resist. The orc completely misses you.
You completely miss the orc priest.
The orc hits you from afar with a +0 trident.
The orc priest hits you but does no damage.
The orc hits you but does no damage.
Okay, then.
You barely miss the orc priest.
The orc hits you from afar with a +0 trident!
* * * LOW HITPOINT WARNING * * *
The orc priest hits you with a +0 hand axe.
* * * LOW HITPOINT WARNING * * *
Unknown command.
The orc priest mumbles some strange prayers to Beogh against you.
Beogh smites you!
You die...

#.# ... #.# #.# #.#
#.# ######.# #.#
.....#.# #.# .
####.#.# #@# #.#
#.#.# #o###.... #.#.#
##o....# #.#.#
#..o...# #.#[#
#..###.###
#.#.########..###..>.
#...................#
###..)..####..#####.#
####..#...........#


You could see an orc priest and 2 orcs.

Vanquished Creatures
  Jessica (D:2)
  5 adders
  2 oozes
  4 worms (D:2)
  2 leopard geckos
  5 orcs (D:3)
  7 bats
  4 giant cockroaches
  13 goblins
  8 hobgoblins
  2 quokkas (D:2)
  A ball python (D:2)
  3 frilled lizards
  7 kobolds
  5 rats
69 creatures vanquished.

Notes
Turn   | Place    | Note
-------+----------+-------------------------------------------
     0 | D:1      | Goreval the Draconian Transmuter began the quest for the
                  | Orb.
     0 | D:1      | Reached XP level 1. HP: 16/16 MP: 3/3
   495 | D:1      | Reached XP level 2. HP: 18/23 MP: 3/5
   509 | D:1      | Learned a level 2 spell: Sticks to Snakes
  1417 | D:2      | Reached XP level 3. HP: 23/29 MP: 3/6
  1428 | D:2      | Learned a level 3 spell: Spider Form
  1673 | D:2      | Noticed Jessica
  1689 | D:2      | Killed Jessica
  1689 | D:2      | Reached XP level 4. HP: 20/36 MP: 5/7
  2246 | D:2      | Reached skill level 4 in Unarmed Combat
  3117 | D:3      | Reached XP level 5. HP: 21/42 MP: 6/8
  3699 | D:3      | HP: 1/42 [orc priest/+0 hand axe (5)]
  3700 | D:3      | Killed from afar by an orc priest

Levels and vault maps discovered:
D:1:      elethiomel_arrival_maze, layout_basic, skrybe_limestone_x
D:2:      layout_loops_corners, minmay_increasing_density, uniq_jessica
D:3:      layout_loops_ring

Skill      XL: |  1  2  3  4 |
---------------+-------------+-----
Dodging        | 2 |  2.0
Fighting       | 2 |  2.6
Transmutations | 3 |  3.7
Unarmed Combat | 4 |  4.3
Spellcasting   | |  2.0

Action                   |  1- 3 |  4- 6 || total
-------------------------+-------+-------++-------
Melee: Unarmed           |   114 |   159 ||   273
       Tailslap          |     8 |    13 ||    21
       Headbutt          |     5 |     1 ||     6
       Kick              |     5 |     3 ||     8
Throw: Stone             |    15 |    25 ||    40
 Cast: Beastly Appendage |     7 |     7 ||    14
 Stab: Sleeping          |     1 |       ||     1
  Eat: Chunk             |     3 |     6 ||     9
Armor: Skin              |    25 |    37 ||    62
Dodge: Dodged            |    65 |    91 ||   156
